 Dungeon Crawl Stone Soup version 0.21.1-1-g345015f (webtiles) character file.

79 empire the Digger (level 4, -4/34 HPs)
             Began as a Gnoll Wanderer on Mar 27, 2018.
             Slain by a gnoll
             ... wielding a +2 flail of protection
              (8 damage)
             ... on level 2 of the Dungeon.
             The game lasted 00:04:54 (886 turns).

empire the Digger (Gnoll Wanderer)                   Turns: 886, Time: 00:04:54

Health: -4/34      AC:  7    Str: 14    XL:     4   Next: 37%
Magic:  7/7        EV: 10    Int: 15    God:
Gold:   95         SH:  0    Dex: 15    Spells: 5/5 levels left

rFire    + . .     SeeInvis .   b - +0 long sword
rCold    . . .     Gourm    .   (no shield)
rNeg     . . .     Faith    .   c - +0 ring mail
rPois    .         Spirit   .   (no helmet)
rElec    .         Reflect  .   k - +0 cloak
rCorr    .         Harm     .   r - +0 pair of gloves
MR       .....                  (no boots)
Stlth    +.........             (no amulet)
HPRegen  0.11/turn              j - ring of protection from fire
MPRegen  0.10/turn              (no ring)

@: no status effects
A: distributed training, fangs 1, strong nose
a: no special abilities


You were on level 2 of the Dungeon.
You were not hungry.

You visited 1 branch of the dungeon, and saw 2 of its levels.

You collected 95 gold pieces.

Inventory:

Hand Weapons
 a - a +0 hand axe
 b - a +0 long sword (weapon)
 o - a +0 shortbow
Missiles
 d - 39 arrows
 e - 26 poisoned needles
 i - 19 stones (quivered)
Armour
 c - a +0 ring mail (worn)
 k - a +0 cloak (worn)
 l - a +0 chain mail
 r - a +0 pair of gloves (worn)
Jewellery
 j - a ring of protection from fire (left hand)
 q - an uncursed ring of stealth {unknown}
Scrolls
 h - 2 scrolls of identify {unknown}
 p - a scroll of immolation {unknown}
 s - a scroll of magic mapping {unknown}
 t - a scroll of fog {unknown}
Potions
 m - a potion of cancellation {unknown}
Books
 g - a book of Geomancy

   Spells                             Type                      Level
   a - Sandblast                      Earth                        1
   b - Passwall                       Transmutation/Earth          2
   c - Stone Arrow                    Conjuration/Earth            3
   d - Petrify                        Transmutation/Earth          4
   e - Lee's Rapid Deconstruction     Earth                        5
Comestibles
 f - 5 rations
 n - a chunk of flesh


   Skills:
 + Level 2.7 Fighting
 + Level 1.1 Short Blades
 + Level 1.1 Long Blades
 + Level 1.1 Axes
 + Level 1.1 Maces & Flails
 + Level 1.1 Polearms
 + Level 1.1 Staves
 + Level 1.1 Slings
 + Level 2.7 Bows
 + Level 1.1 Crossbows
 + Level 1.1 Throwing
 + Level 2.7 Armour
 + Level 1.1 Dodging
 + Level 1.1 Stealth
 + Level 1.1 Shields
 + Level 1.1 Unarmed Combat
 + Level 1.1 Spellcasting
 + Level 0.8 Conjurations
 + Level 3.8 Hexes
 + Level 0.8 Charms
 + Level 0.8 Summonings
 + Level 0.8 Necromancy
 + Level 0.8 Translocations
 + Level 0.8 Transmutations
 + Level 0.8 Fire Magic
 + Level 0.8 Ice Magic
 + Level 0.8 Air Magic
 + Level 5.4 Earth Magic
 + Level 0.8 Poison Magic
 + Level 1.2 Invocations
 + Level 4.6 Evocations


You had 5 spell levels left.
You didn't know any spells.

Dungeon Overview and Level Annotations

Branches:
Dungeon (2/15)

Altars:


Innate Abilities, Weirdness & Mutations

Your experience applies equally to all skills.
You have very sharp teeth.
Your uncanny sense of smell can sniff out nearby items.


Message History

Things that are here:
a club; a goblin corpse You hit the rat.
You kill the rat!
The gnoll hits you with a whip.
Things that are here:
a club; a goblin corpse You barely miss the gnoll.
The gnoll barely misses you.
You hit the gnoll but do no damage. Your bite misses the gnoll.
The gnoll hits you with a whip. The gnoll barely misses you.
You hit the gnoll.
The gnoll is moderately wounded.
The gnoll barely misses you.
You riposte.
You closely miss the gnoll.
The gnoll hits you with a flail of protection!
* * * LOW HITPOINT WARNING * * *
You completely miss the gnoll.
The gnoll is moderately wounded.
The gnoll hits you but does no damage.
The gnoll hits you with a flail of protection!
You die...

..♣♣♣ ♣.. ....♣. ♣... .#.
♣.♣♣♣♣♣♣..#
###....♣♣......♣.#
...........(♣.♣.## #
#.....# #........ ... #.#
#.## #...#####
##...#####g###...##.### ##
........)g@##.##..#.#### #.
........###....##......# #.
.............##........# #.
..........##(.##....)..# ##
.......(............#### #.
...........##..####....###.
.......##....).# #...)....
..............†.....######.
..<.........###.# #.


You could see 2 gnolls.

Vanquished Creatures
  Jessica (D:2)
  An adder (D:2)
  2 dart slugs
  A leopard gecko (D:1)
  2 giant cockroaches (D:1)
  8 goblins
  8 hobgoblins
  3 kobolds
  5 bats
  3 frilled lizards
  4 rats
38 creatures vanquished.

Notes
Turn   | Place    | Note
-------+----------+-------------------------------------------
     0 | D:1      | empire the Gnoll Wanderer began the quest for the Orb.
     0 | D:1      | empire set off with: a book of Geomancy, a +0 ring mail, a +0 shortbow, 26 arrows, a ration
     0 | D:1      | Reached XP level 1. HP: 17/17 MP: 3/3
   173 | D:1      | Reached XP level 2. HP: 23/23 MP: 5/5
   527 | D:2      | Reached XP level 3. HP: 22/28 MP: 6/6
   600 | D:2      | Noticed Jessica
   611 | D:2      | Killed Jessica
   611 | D:2      | Reached skill level 1 in Short Blades
   611 | D:2      | Reached skill level 1 in Long Blades
   611 | D:2      | Reached skill level 1 in Axes
   611 | D:2      | Reached skill level 1 in Maces & Flails
   611 | D:2      | Reached skill level 1 in Polearms
   611 | D:2      | Reached skill level 1 in Staves
   611 | D:2      | Reached skill level 1 in Slings
   611 | D:2      | Reached skill level 1 in Crossbows
   611 | D:2      | Reached skill level 1 in Throwing
   611 | D:2      | Reached skill level 1 in Dodging
   611 | D:2      | Reached skill level 1 in Stealth
   611 | D:2      | Reached skill level 1 in Shields
   611 | D:2      | Reached skill level 1 in Unarmed Combat
   611 | D:2      | Reached skill level 1 in Spellcasting
   611 | D:2      | Reached skill level 1 in Invocations
   678 | D:2      | Reached XP level 4. HP: 28/34 MP: 7/7
   886 | D:2      | Slain by a gnoll

Skill      XL: |  1  2  3 |
---------------+----------+-----
Short Blades   | 1 |  1.1
Long Blades    | 1 |  1.1
Axes           | 1 |  1.1
Maces & Flails | 1 |  1.1
Polearms       | 1 |  1.1
Staves         | 1 |  1.1
Slings         | 1 |  1.1
Crossbows      | 1 |  1.1
Throwing       | 1 |  1.1
Dodging        | 1 |  1.1
Stealth        | 1 |  1.1
Shields        | 1 |  1.1
Unarmed Combat | 1 |  1.1
Spellcasting   | 1 |  1.1
Invocations    | 1 |  1.2
Fighting       | |  2.7
Bows           | |  2.7
Armour         | |  2.7
Conjurations   | |  0.8
Hexes          | |  3.8
Charms         | |  0.8
Summonings     | |  0.8
Necromancy     | |  0.8
Translocations | |  0.8
Transmutations | |  0.8
Fire Magic     | |  0.8
Ice Magic      | |  0.8
Air Magic      | |  0.8
Earth Magic    | |  5.4
Poison Magic   | |  0.8
Evocations     | |  4.6

Action                   |  1- 3 |  4- 6 || total
-------------------------+-------+-------++-------
Melee: Hand axe          |    47 |       ||    47
       Bite              |     3 |     5 ||     8
       Long sword        |    15 |    39 ||    54
       Punch             |     1 |       ||     1
 Fire: Shortbow          |     8 |       ||     8
Armor: Ring mail         |    25 |    21 ||    46
Dodge: Dodged            |    46 |    36 ||    82
       Rpst.: Long sword |     2 |    11 ||    13
